 Dungeon Crawl Stone Soup version 0.31.0-32-g396128a36d (webtiles) character file.

Game seed: 18102945290738775129

140 Melody the Caller (level 5, 24/24 HPs)
             Began as a Felid Summoner on Mar 22, 2024.
             Quit the game on level 3 of the Dungeon on Mar 29, 2024.
             The game lasted 00:12:43 (2363 turns).

Melody the Caller (Felid Summoner)                  Turns: 2363, Time: 00:12:43

Health: 24/24      AC:  1    Str:  4    XL:     5   Next: 2%
Magic:  11/11      EV: 17    Int: 21    God:
Gold:   137        SH:  0    Dex: 16    Spells: 5/11 levels left
                                        Lives:  2   Deaths: 0

rFire   . . .        (weapon unavailable)
rCold   . . .        (shield unavailable)
rNeg    . . .        (body armour unavailable)
rPois   .            (helmet unavailable)
rElec   .            (cloak unavailable)
rCorr   .            (gloves unavailable)
SInv    +            (boots unavailable)
Will    .....        (no amulet)
Stlth   ++           (no ring)
HPRegen 0.24/turn    (no ring)
MPRegen 0.12/turn

%: no passive effects
@: no status effects
A: very small, claws 1, fangs 3, see invisible, shaggy fur 1, stealthy paws, no
weapons or thrown items, no armour, multi-lived
a: no special abilities


You were on level 3 of the Dungeon.
You visited 1 branch of the dungeon, and saw 3 of its levels.

You collected 137 gold pieces.

Inventory:

Scrolls
 c - a scroll of poison {unknown}
 d - 3 scrolls of identify {unknown}
 e - a scroll of teleportation {unknown}
Potions
 a - a potion of magic
 b - a potion of enlightenment {unknown}
 f - a potion of cancellation {unknown}
 g - a potion of ambrosia {unknown}


   Skills:
 - Level 2.6 Dodging
 - Level 2.6 Stealth
 + Level 3.6 Spellcasting
 + Level 5.3 Summonings


You had 5 spell levels left.
You knew the following spells:

 Your Spells              Type           Power      Damage    Failure   Level
a - Summon Small Mammal   Summ           100%       N/A       1%          1
b - Call Imp              Summ           52%        N/A       2%          2
c - Call Canine Familiar  Summ           26%        N/A       4%          3

Your spell library contained the following spells:

 Spells                   Type           Power      Damage    Failure   Level
 Sublimation of Blood     Necr           3%         N/A       19%         2
 Summon Blazeheart Golem  Fire/Summ      15%        N/A       38%         4
 Summon Lightning Spire   Summ/Air       15%        N/A       38%         4
 Summon Hydra             Summ           13%        N/A       100%        7


Dungeon Overview and Level Annotations

Branches:
Dungeon (3/15)

Altars:

Shops:
D:2 =


Innate Abilities, Weirdness & Mutations

You have sharp claws.
You have razor-sharp teeth.
You have supernaturally acute eyesight. (SInv)
You are covered in fur. (AC +1)
Your paws help you pounce on unaware monsters.
You are incapable of wielding weapons or throwing items.
You cannot wear armour.
You gain extra lives every three experience levels.


Message History

Your cerulean imp hits the quokka but does no damage.
The quokka bites your cerulean imp.
Your cerulean imp hits the quokka with a -2 spear.
The quokka twitches its whiskers.
The quokka misses your cerulean imp.
The quokka closely misses your cerulean imp.
Your cerulean imp barely misses the quokka.
The quokka bites your cerulean imp but does no damage.
Your cerulean imp misses the quokka.
A quokka is nearby!
The quokka bites your cerulean imp.
Your cerulean imp barely misses the quokka.
The quokka barely misses your cerulean imp.
Your cerulean imp hits the quokka with a -2 spear.
The quokka dies!
Magic restored.
You open the door.
There is an open door here.
There is an open door here.
Your cerulean imp disappears in a puff of smoke!
There is an open door here.
You see here a +0 dagger.
You open the door.
There is an open door here.
You open the door.
There is an open door here.
You open the door.
Done exploring.
Done exploring.
There is a stone staircase leading up here.
There is an open door here.
There is a stone staircase leading down here.
You climb downwards.
There is a stone staircase leading up here.
A goblin comes into view. It is wielding a +0 club.
Found an emerald potion.
g - an emerald potion Welcome back, Melody the Felid Summoner.
Press ? for a list of commands and other information.
Are you sure you want to abandon this character and quit the game? (Confirm with "yes".)

...##.## #.#
#.#...###.# #.
#.........####.#
#..............#
#..............##
#.........# ..##
#........####^#.###.
##...#..............
##.##..###.@.#####
#######.##..#
#.......#
.....<..##..#
#.####....
##########..# #.#
... #g.. ..# ..
#.####.# #.# ..


There were no monsters in sight!

Vanquished Creatures
  An orc wizard (D:2)
  An adder (D:2)
  An orc (D:2)
  A bat (D:2)
  A giant cockroach (D:1)
  2 ball pythons (D:2)
7 creatures vanquished.

Vanquished Creatures (collateral kills)
  An orc wizard (D:2)
  2 adders (D:2)
  A dart slug (D:1)
  2 ribbon worms (D:2)
  2 orcs (D:2)
  5 endoplasms
  3 giant cockroaches (D:2)
  2 goblins
  3 hobgoblins (D:2)
  6 quokkas
  3 ball pythons
  7 bats
  A frilled lizard (D:1)
  3 kobolds
  6 rats
47 creatures vanquished.

Grand Total: 54 creatures vanquished

Notes
Turn   | Place    | Note
-------+----------+-------------------------------------------
     0 | D:1      | Melody the Felid Summoner began the quest for the Orb.
     0 | D:1      | Reached XP level 1. HP: 9/9 MP: 4/4
   332 | D:1      | Reached XP level 2. HP: 13/13 MP: 3/6
   861 | D:2      | Learned a level 2 spell: Call Imp
  1002 | D:2      | Found Ephean's Jewellery Boutique.
  1072 | D:2      | Reached XP level 3. HP: 16/16 MP: 1/8
  1120 | D:2      | Reached XP level 4. HP: 13/21 MP: 1/9
  1120 | D:2      | Gained a life (2 lives remaining)
  1156 | D:2      | Learned a level 3 spell: Call Canine Familiar
  1282 | D:2      | Reached skill level 5 in Summonings
  2015 | D:2      | Reached XP level 5. HP: 13/24 MP: 6/11
  2363 | D:3      | Quit the game

Illustrated notes

Levels and vault maps discovered:
D:1:      spicycebolla_arrival_clurvy, layout_loops_ring
D:2:      minmay_chambers_of_twos, layout_basic, serial_shops, shop
D:3:      layout_loops_ring, general_overflow_altar

Skill      XL: |  1  2  3  4 |
---------------+-------------+-----
Spellcasting   | 3 |  3.6
Summonings     | 5 |  5.3
Dodging        | |  2.6
Stealth        | |  2.6

Action                     |  1- 3 |  4- 6 || total
---------------------------+-------+-------++-------
  Melee: Unarmed           |    19 |    11 ||    30
         Bite              |     2 |       ||     2
   Cast: Summon Small Mamm |    36 |    10 ||    46
         Call Imp          |     6 |    12 ||    18
         Call Canine Famil |       |     3 ||     3
 Armour: Skin              |    13 |     9 ||    22
  Dodge: Dodged            |    40 |    30 ||    70
